AoeStats
← kevlarpukks

Arena

510239582Analyzed
2v2 RM · 20h ago on Sep 30, 2026· 67m 7s· 4 players
Game mode
Random Map
Map size
Medium (4 player)
Population
200
Speed
Normal
Resources
Standard
Victory
Conquest
Starting age
Dark Age
Ending age
Imperial Age
RankedLock teamsTeams togetherTeam positionsShared explorationLock speedFull tech treeHidden civsTurbo modeCheats
Victory
Defeat
🇺🇸 Celts · United States
460
+12
🇺🇸 Bulgarians · United States
427
+15
🇬🇧 Japanese · United Kingdom
391
-14
🇬🇧 Aztecs · United Kingdom
372
-13
ChefDaniel2079
5:38 Loom
13:31 Feudal Age
15:50 Wheelbarrow
15:00 Town Watch
17:00 Double-Bit Axe
17:29 Arson
19:36 Horse Collar
24:34 Castle Age
25:19 Forging
25:10 Scale Mail Armor
25:17 Scale Barding Armor
26:39 Squires
26:42 Heavy Plow
27:01 Chain Mail Armor
31:37 Fervor
32:28 Hand Cart
34:18 Murder Holes
34:46 Ballistics
38:49 Imperial Age
37:18 Stirrups
39:07 Masonry
41:23 Conscription
42:29 Chain Barding Armor
42:17 Husbandry
46:41 Plate Barding Armor
54:05 Elite Konnik
BrushfireGnat11
0:39 Loom
2:24 Loom
13:25 Feudal Age
15:51 Wheelbarrow
15:09 Horse Collar
15:18 Double-Bit Axe
17:54 Gold Mining
18:01 Stone Mining
21:43 Castle Age
20:59 Arson
20:36 Man-at-Arms
24:03 Gold Shaft Mining
25:38 Heavy Plow
25:53 Bow Saw
25:59 Forging
25:49 Scale Mail Armor
30:39 Murder Holes
30:55 Masonry
31:06 Ballistics
36:18 Imperial Age
35:07 Chain Mail Armor
35:28 Iron Casting
34:18 Elite Skirmisher
39:01 Iron Casting
38:28 Padded Archer Armor
39:26 Conscription
42:48 Chemistry
48:19 Elite Woad Raider
51:12 Blast Furnace
50:04 Fletching
50:54 Plate Mail Armor
50:40 Leather Archer Armor
60:40 Siege Engineers
60:35 Heavy Scorpion
kevlarpukks
10:53 Feudal Age
13:54 Horse Collar
21:43 Castle Age
24:16 Forging
24:07 Scale Mail Armor
24:18 Loom
26:53 Wheelbarrow
36:18 Hand Cart
35:49 Town Watch
36:16 Gold Mining
36:17 Stone Mining
39:25 Imperial Age
39:39 Imperial Age
44:29 Town Patrol
45:55 Elite Samurai
49:11 Hoardings
49:58 Iron Casting
49:39 Chain Mail Armor
55:11 Conscription
55:17 Conscription
56:41 Blast Furnace
56:12 Plate Mail Armor
65:38 Light Cavalry
66:30 Bloodlines
66:21 Husbandry
66:45 Scale Barding Armor
Lieutenant Columbo
9:13 Loom
10:59 Feudal Age
13:02 Wheelbarrow
23:59 Castle Age
29:16 Eagle Warrior
37:42 Double-Bit Axe
39:10 Arson
44:30 Imperial Age
44:33 Ballistics
44:32 Fortified Wall
47:12 Elite Jaguar Warrior
Connection lost

Rejoining the realm…

Still unreachable

The connection could not be restored.

Session expired

The server has moved on; the page needs a fresh start.